 Dungeon Crawl Stone Soup version 0.26.1-11-gd32895ea62 (webtiles) character file.

Game seed: 4384633585916391279

105 Kukuleta the Firebug (level 4, -7/33 HPs)
             Began as a Draconian Fire Elementalist on June 29, 2021.
             Killed from afar by Ijyb (11 damage)
             ... with an iceblast
             ... on level 2 of the Dungeon.
             The game lasted 00:08:31 (2801 turns).

Kukuleta the Firebug (Draconian Fire Elementalist)  Turns: 2801, Time: 00:08:32

Health: -7/33      AC:  5    Str: 10    XL:     4   Next: 53%
Magic:  6/8        EV: 12    Int: 16    God:
Gold:   71         SH:  0    Dex: 12    Spells: 4/8 levels left

rFire    . . .     SeeInvis .   c - +0 short sword
rCold    . . .     Faith    .   (no shield)
rNeg     . . .     Spirit   .   (armour unavailable)
rPois    .         Reflect  .   (helmet restricted)
rElec    .         Harm     .   (no cloak)
rCorr    .         Rampage  .   (no gloves)
Will     .....                  (no boots)
Stlth    ++........             (no amulet)
HPRegen  0.11/turn              (no ring)
MPRegen  0.11/turn              (no ring)

@: no status effects
A: unfitting armour, cold-blooded, AC +5
a: no special abilities


You were on level 2 of the Dungeon.
You visited 1 branch of the dungeon, and saw 3 of its levels.

You collected 71 gold pieces.

Inventory:

Hand Weapons
 b - a +0 mace
 c - a +0 short sword (weapon)
Scrolls
 a - 2 scrolls of remove curse
 d - 3 scrolls of identify {unknown}
 f - a scroll of teleportation {unknown}
 g - a scroll of magic mapping {unknown}
 h - a scroll of amnesia {unknown}
Potions
 e - a potion of magic {unknown}
 i - a potion of heal wounds {unknown}
 j - a potion of degeneration {unknown}
 k - a potion of mutation {unknown}
 l - a potion of ambrosia {unknown}
 m - a potion of attraction {unknown}
 n - a potion of curing {unknown}


   Skills:
 - Level 1.7 Dodging
 - Level 1.7 Stealth
 + Level 2.7 Spellcasting
 + Level 2.1 Conjurations
 * Level 4.4 Fire Magic


You had 4 spell levels left.
You knew the following spells:

 Your Spells              Type           Power        Failure   Level
a - Foxfire               Conj/Fire      48%          4%          1
b - Conjure Flame         Conj/Fire      12%          16%         3

Your spell library contained the following spells:

 Spells                   Type           Power        Failure   Level
 Inner Flame              Hex/Fire       9%           24%         3
 Sticky Flame             Conj/Fire      12%          45%         4
 Fireball                 Conj/Fire      6%           80%         5


Dungeon Overview and Level Annotations

Branches:
Dungeon (3/15)

Altars:

Annotations:
D:2 Ijyb


Innate Abilities, Weirdness & Mutations

Your plain brown scales are hard. (AC +5)
You cannot fit into any form of body armour.
You are cold-blooded and may be slowed by cold attacks.


Message History

Reactivating autopickup.
There is a stone staircase leading down here.
Deactivating autopickup; reactivate with Ctrl-A.
You barely miss something. Something hits you but does no damage.
Your magical contamination has completely faded away.
You barely miss something.
Your tail-slap misses something.
Something hits you.
Casting: Foxfire (safe; 4% risk of failure)
Confirm with . or Enter, or press ? or * to list all spells.
You conjure some foxfire!
You hear a zap.
An iceblast appears from out of thin air!
The mass of ice explodes!
The iceblast engulfs you!!
Ouch! That really hurt!
* * * LOW HITPOINT WARNING * * *
The iceblast engulfs your foxfire! x2; The iceblast engulfs something.
You hit something.
The foxfire hits something.
You hear a zap.
An iceblast appears from out of thin air!
The mass of ice explodes!
The iceblast engulfs you!
You die...

#.#.###..# #.# #.....
#....##..###.# #.####
#..#.........###.# #
##......(......).# ##
####.#####.#.##.###. #.#
#.#.##.##.# #.# #.#.##.#.## ##.##
#...##.##.# #@..######.##.###.
################.{.....##.##.# #.
#..................###.##.##.# #.
#.###############..###.##.##.###.
#.# #................. ..#
#.#...........####
################...########.##
####..<...†.......## #.#
.....############## #.#


There were no monsters in sight!

Vanquished Creatures
  5 adders (D:2)
  An ooze (D:1)
  A worm (D:2)
  2 dart slugs
  A leopard gecko (D:2)
  4 giant cockroaches
  4 hobgoblins
  10 jackals
  A quokka (D:2)
  4 bats
  4 frilled lizards
  2 goblins
  4 kobolds
  5 rats (D:2)
48 creatures vanquished.

Vanquished Creatures (others)
  95 foxfires
95 creatures vanquished.

Grand Total: 143 creatures vanquished

Notes
Turn   | Place    | Note
-------+----------+-------------------------------------------
     0 | D:1      | Kukuleta the Draconian Fire Elementalist began the quest
                  | for the Orb.
     0 | D:1      | Reached XP level 1. HP: 14/14 MP: 3/3
   596 | D:1      | Reached XP level 2. HP: 18/20 MP: 0/5
  1437 | D:2      | Reached XP level 3. HP: 24/26 MP: 2/6
  1475 | D:2      | Learned a level 3 spell: Conjure Flame
  1924 | D:2      | Reached skill level 4 in Fire Magic
  2048 | D:2      | Reached XP level 4. HP: 33/33 MP: 3/7
  2789 | D:3      | Noticed Ijyb
  2801 | D:2      | Killed from afar by Ijyb

Illustrated notes

Levels and vault maps discovered:
D:1:      saegor_arrival_simple_d, layout_basic, serial_glass, glass_columns_b,
          glass_columns_b, minmay_close_crescents
D:2:      layout_loops_ring
D:3:      layout_loops_ring, gammafunk_ghost_arena, uniq_jessica, uniq_ijyb,
          uniq_sigmund

Skill      XL: |  1  2  3 |
---------------+----------+-----
Fire Magic     | 4 |  4.4
Conjurations   | 2 |  2.1
Dodging        | |  1.7
Stealth        | |  1.7
Spellcasting   | |  2.7

Action                   |  1- 3 |  4- 6 || total
-------------------------+-------+-------++-------
Melee: Short sword       |    55 |    28 ||    83
       Tailslap          |     3 |     1 ||     4
 Cast: Foxfire           |    47 |    20 ||    67
  Use: Scroll            |     1 |       ||     1
Armor: Skin              |    24 |     7 ||    31
Dodge: Dodged            |    55 |    17 ||    72
